 Dungeon Crawl Stone Soup version 0.30-a0-870-gc5d4c5acee (webtiles) character file.

Game seed: 16283243139055219428

114 CowFu the Trooper (level 4, 0/36 HPs)
             Began as a Demonspawn Fighter on Mar 11, 2023.
             Killed by nerve-wracking pain
             ... invoked by an orc priest
              (11 damage)
             ... on level 3 of the Dungeon.
             The game lasted 00:02:28 (1809 turns).

CowFu the Trooper (Demonspawn Fighter)              Turns: 1809, Time: 00:02:29

Health: 0/36       AC: 12    Str: 18    XL:     4   Next: 66%
Magic:  4/4        EV:  5    Int: 10    God:
Gold:   102        SH:  4    Dex: 12    Spells: 3/3 levels left

rFire   . . .      SeeInvis .    a - +0 rapier
rCold   . . .      Faith    .    c - +0 buckler
rNeg    . . .      Spirit   .    m - +0 plate armour
rPois   .          Reflect  .    (no helmet)
rElec   .          Rampage  .    (no cloak)
rCorr   +                        j - +0 pair of gloves
Will    .....                    (no boots) Stlth
                                 h - amulet of regeneration
HPRegen 1.06/turn                n - ring of resist corrosion
MPRegen 0.09/turn                (no ring)

@: mighty
A: powered by death 2
a: no special abilities


You were on level 3 of the Dungeon.
You visited 1 branch of the dungeon, and saw 3 of its levels.

You collected 124 gold pieces.
You spent 22 gold pieces at shops.

Inventory:

Hand Weapons
 a - a +0 rapier (weapon)
Armour
 c - a +0 buckler (worn)
 j - a +0 pair of gloves (worn)
 m - a +0 plate armour (worn)
Jewellery
 h - an amulet of regeneration (around neck)
 n - a ring of resist corrosion (left hand)
Scrolls
 b - a scroll of brand weapon {unknown}
 e - 2 scrolls of immolation {unknown}
 f - a scroll of vulnerability {unknown}
 i - 5 scrolls of identify
 k - a scroll of teleportation {unknown}
Potions
 g - a potion of mutation {unknown}
 l - a potion of attraction {unknown}


   Skills:
 + Level 3.6 Fighting
 * Level 3.1 Short Blades
 + Level 3.2 Armour
 + Level 3.2 Shields


You had 3 spell levels left.
You didn't know any spells.
Your spell library was empty.

Dungeon Overview and Level Annotations

Branches:
Dungeon (3/15)

Altars:
Ru

Shops:
D:1 ?


Innate Abilities, Weirdness & Mutations

You regenerate health from kills.


Message History

The magic dart hits you.
You barely miss something. You block something's attack.
You puncture something!
Reactivating autopickup.
You feel a bit more experienced.
You have reached level 4!
You feel clever.
You puncture the orc priest!
The orc priest is severely wounded.
The orc priest invokes the aid of Beogh against you.
Beogh smites you!
You puncture the orc priest!
You kill the orc priest!
The orc throws a boomerang.
The boomerang hits you but does no damage.
Your Short Blades skill increases to level 3!
The orc priest hits you with a +3 hand axe of flaming.
The orc priest burns you. The orc hits you but does no damage.
Items here: ))) [[ ††.
You hit the orc priest.
The orc priest is lightly wounded.
The orc priest hits you but does no damage.
The orc completely misses you.
You hit the orc priest.
The orc priest is moderately wounded.
The orc priest hits you but does no damage.
The orc hits you but does no damage.
You puncture the orc priest!
The orc priest is severely wounded.
The orc priest hits you with a +3 hand axe of flaming.
The orc priest burns you.
* * * LOW HITPOINT WARNING * * *
The orc hits you but does no damage.
You barely miss the orc priest.
The orc priest is severely wounded.
The orc priest begins to cast a cantrip, but forgets the words!
The orc hits you but does no damage. You block the orc's attack.
The orc priest calls down the wrath of Beogh upon you.
Pain shoots through your body!
You die...

####### #### .
+..>>.#####..#§§.# .
###.....##..#§§§# #.
#....##.....#.§§#
#(##....#####..#§§§#
#.......# #..#§§§#
#.......# #.##.§§##
#.......#
#@#§§§..#..
#.(.....#
#oo..§...o.
####......##
###########
..........#
##.......# #.####..#
#.####..# #.......#
#.#######.####


You could see an orc priest and an orc.

Vanquished Creatures
  An orc priest (D:3)
  An orc wizard (D:3)
  An adder (D:2)
  A worm (D:2)
  An orc (D:3)
  5 ball pythons
  2 bat skeletons (D:2)
  4 endoplasms
  5 hobgoblins
  4 jackals
  5 quokkas
  3 ball python skeletons (D:2)
  2 ball python zombies (D:2)
  3 bats
  2 frilled lizards
  2 giant cockroach zombies (D:2)
  3 goblins
  3 kobolds
  2 rats
50 creatures vanquished.

Vanquished Creatures (others)
  8 withered plants (D:2)
8 creatures vanquished.

Grand Total: 58 creatures vanquished

Notes
Turn   | Place    | Note
-------+----------+-------------------------------------------
     0 | D:1      | CowFu the Demonspawn Fighter began the quest for the Orb.
     0 | D:1      | Reached XP level 1. HP: 18/18 MP: 1/1
   331 | D:1      | Gained mutation: You regenerate a little health from kills.
                  | [demonic ancestry]
   331 | D:1      | Reached XP level 2. HP: 16/24 MP: 2/2
   533 | D:1      | Found Hupting's Magic Scroll Shoppe.
   550 | D:1      | Bought a scroll of identify for 22 gold pieces
  1126 | D:2      | Gained mutation: You regenerate health from kills. [demonic
                  | ancestry]
  1126 | D:2      | Reached XP level 3. HP: 14/29 MP: 3/3
  1545 | D:2      | Found a sacrificial altar of Ru.
  1803 | D:3      | Reached XP level 4. HP: 27/35 MP: 4/4
  1809 | D:3      | Killed from afar by an orc priest

Illustrated notes

Levels and vault maps discovered:
D:1:      dpeg_arrival_court, layout_basic, serial_shops,
          nicolae_shop_window_shopping
D:2:      layout_rooms, serial_undead, serial_undead_e, serial_undead_a,
          serial_undead_c, serial_undead_c, serial_undead_b, serial_undead_f,
          serial_undead_d, serial_undead_c, serial_undead_b, serial_undead_c,
          basic_altar
D:3:      layout_basic, beargit_hepliaklqana_dungeon_heroes, uniq_ijyb

Skill      XL: |  1  2  3  4 |
---------------+-------------+-----
Short Blades   | 2 3 |  3.1
Armour         | 3 |  3.2
Shields        | 3 |  3.2
Fighting       | |  3.6

Action                     |  1- 3 |  4- 6 || total
---------------------------+-------+-------++-------
  Melee: Rapier            |   190 |     6 ||   196
    Use: Potion            |     1 |       ||     1
 Armour: Scale mail        |    85 |       ||    85
         Plate armour      |    18 |     7 ||    25
  Dodge: Dodged            |    67 |     1 ||    68
  Block: Buckler           |    49 |     1 ||    50

Table legend: (Time is in decaauts)
 A = Elapsed time spent in this place.
 B = Non-inter-level travel time spent in this place.
 C = Inter-level travel time spent in this place.
 D = Time resting spent in this place.
 E = Time spent auto-exploring this place.
 F = Levels seen in this place.
 G = Mean time per level.
                   A        B        C        D        E       F      G
               +--------+--------+--------+--------+--------+-----+--------+
         Total |   1833 |   1751 |     82 |      0 |   1343 |   3 |  611.0 |
       Dungeon |   1833 |   1751 |     82 |      0 |   1343 |   3 |  611.0 |
               +--------+--------+--------+--------+--------+-----+--------+

Top non-repeatable levels by time:
     D:1: 1056 daAuts
     D:2: 650 daAuts
     D:3: 126 daAuts
